 Dungeon Crawl Stone Soup version 0.26.1-11-gd32895ea62 (webtiles) character file.

Game seed: 16496576330459730310

338 ubername the Skirmisher (level 6, -1/56 HPs)
             Began as a Minotaur Abyssal Knight on June 22, 2021.
             Was a Believer of Lugonu.
             Slain by Duvessa
             ... wielding a +0 short sword
              (4 damage)
             ... on level 4 of the Dungeon.
             The game lasted 00:09:26 (4447 turns).

ubername the Skirmisher (Minotaur Abyssal Knight)   Turns: 4447, Time: 00:09:27

Health: -1/56      AC:  5    Str: 18    XL:     6   Next: 29%
Magic:  7/7        EV: 11    Int:  9    God:    Lugonu [**....]
Gold:   157        SH:  0    Dex: 10    Spells: 5/5 levels left

rFire    . . .     SeeInvis .   a - +2 falchion
rCold    . . .     Faith    .   (no shield)
rNeg     . . .     Spirit   .   m - +0 ring mail
rPois    +         Reflect  .   (helmet restricted)
rElec    .         Harm     .   (no cloak)
rCorr    +         Rampage  .   (no gloves)
Will     .....                  (no boots)
Stlth    ..........             (no amulet)
HPRegen  0.18/turn              o - ring of poison resistance
MPRegen  0.10/turn              p - ring of resist corrosion

@: glowing
A: retaliatory headbutt, horns 2
a: Renounce Religion, Depart the Abyss, Bend Space


You were on level 4 of the Dungeon.
You worshipped Lugonu.
Lugonu was pleased with you.
You visited 1 branch of the dungeon, and saw 4 of its levels.
You visited the Abyss 1 time.

You collected 157 gold pieces.

Inventory:

Hand Weapons
 a - a +2 falchion (weapon)
 b - a +0 hunting sling
Missiles
 j - 37 sling bullets
 k - 2 javelins
Armour
 g - a +1 leather armour
 h - a +0 chain mail
 m - a +0 ring mail (worn)
 r - a +0 pair of gloves
Jewellery
 l - an uncursed ring of wizardry {unknown}
 o - a ring of poison resistance (left hand)
 p - a ring of resist corrosion (right hand)
Wands
 q - a wand of polymorph (2)
Scrolls
 e - a scroll of amnesia
 f - 2 scrolls of magic mapping
 i - 2 scrolls of enchant armour
 s - 3 scrolls of fear {unknown}
Potions
 c - a potion of curing
 d - a potion of might
 n - a potion of degeneration {unknown}


   Skills:
 + Level 5.1 Fighting
 + Level 3.9 Long Blades
 + Level 3.1 Slings
 + Level 0.2(1.7) Throwing
 + Level 3.6 Armour
 + Level 1.8 Dodging
 * Level 3.2 Invocations


You had 5 spell levels left.
You didn't know any spells.
Your spell library was empty.

Dungeon Overview and Level Annotations

Branches:
Dungeon (4/15)
 Temple: D:4-7

Altars:
Elyvilon
Fedhas
Qazlal
Zin

Annotations:
D:4 Dowan, Duvessa


Innate Abilities, Weirdness & Mutations

You reflexively headbutt those who attack you in melee.
You have a pair of horns on your head.


Message History

Duvessa hits you with a +0 short sword!
* * * LOW HITPOINT WARNING * * *
Duvessa hits you but does no damage.
You hit Duvessa but do no damage. You headbutt Duvessa.
Duvessa is almost dead.
Duvessa hits you with a +0 short sword.
* * * LOW HITPOINT WARNING * * *
Duvessa hits you but does no damage.
You hit Duvessa but do no damage. You headbutt Duvessa, but do no damage.
Duvessa is almost dead.
Duvessa hits you with a +0 short sword.
* * * LOW HITPOINT WARNING * * *
You hit Duvessa but do no damage. Your headbutt misses Duvessa.
Duvessa is almost dead.
Duvessa hits you with a +0 short sword.
* * * LOW HITPOINT WARNING * * *
Dowan says, "Where the sword fails, magic succeeds!"
Dowan casts a spell.
Dowan blinks!
Duvessa hits you with a +0 short sword.
You die...

...........### #.#.#
...........'.###
#.#..
#........#...####....
+........###.........
#........# ######.#..
#........#### #.#..
#...§(......### #.#..
####e##.....'. ..##.
#@##.e...### ### #
#.##.....'..
#†#.<....##
#######+###....###.
..........+(...'.'.
.........##....###.
.........#######
.........# .........#


You could see Duvessa (fast).

Vanquished Creatures
  A howler monkey (D:4)
  Jessica (D:2)
  Ijyb (D:3)
  3 orc wizards
  9 adders
  3 worms
  A dart slug (D:3)
  2 leopard geckos
  12 orcs
  11 bats
  5 giant cockroaches
  4 goblins
  3 hobgoblins
  4 jackals (D:2)
  3 quokkas
  2 ball pythons (D:1)
  5 frilled lizards
  A jackal skeleton (D:4)
  3 kobolds
  7 rats
81 creatures vanquished.

Notes
Turn   | Place    | Note
-------+----------+-------------------------------------------
     0 | Abyss:1  | ubername the Minotaur Abyssal Knight began the quest for
                  | the Orb.
     0 | Abyss:1  | Reached XP level 1. HP: 19/19 MP: 1/1
     0 | D:1      | Escaped the Abyss
   205 | D:1      | Reached skill level 4 in Fighting
   208 | D:1      | Reached XP level 2. HP: 27/27 MP: 2/2
   223 | D:1      | Reached * piety under Lugonu
   887 | D:2      | Reached XP level 3. HP: 33/33 MP: 3/3
  1337 | D:2      | Noticed Jessica
  1342 | D:2      | Killed Jessica
  1343 | D:2      | Reached XP level 4. HP: 41/41 MP: 4/4
  2376 | D:3      | Found a stormy altar of Qazlal.
  2403 | D:3      | Reached ** piety under Lugonu
  2421 | D:3      | Reached skill level 1 in Slings
  2421 | D:3      | Reached XP level 5. HP: 7/47 MP: 6/6
  2734 | D:3      | Found a white marble altar of Elyvilon.
  3213 | D:3      | Found a blossoming altar of Fedhas.
  3536 | D:3      | Noticed Ijyb
  3547 | D:3      | Killed Ijyb
  3548 | D:3      | Reached skill level 5 in Fighting
  3613 | D:3      | Found a glowing silver altar of Zin.
  4133 | D:4      | Reached XP level 6. HP: 39/56 MP: 7/7
  4374 | D:4      | Noticed Dowan
  4407 | D:4      | Noticed Duvessa
  4447 | D:4      | Slain by Duvessa

Illustrated notes

Levels and vault maps discovered:
D:1:      grunt_arrival_crossed_arrows, layout_loops_ring
D:2:      layout_loops_ring, uniq_jessica
D:3:      layout_loops_ring, grunt_qazlal_sundering, overflow_temple_1_default,
          old_standard_altar, zin_statuary, uniq_ijyb
D:4:      kennysheep_spiral_hall, layout_basic, temple_green, uniq_duvessa

Skill      XL: |  1  2  3  4  5  6 |
---------------+-------------------+-----
Fighting       | 4 5 |  5.1
Invocations    | 2 3 |  3.2
Long Blades    | 3 |  3.9
Armour         | 3 |  3.6
Slings         | 1 2 3 |  3.1
Throwing       | |  0.2
Dodging        | |  1.8

Action                   |  1- 3 |  4- 6 || total
-------------------------+-------+-------++-------
Melee: Falchion          |    58 |   143 ||   201
       Headbutt          |    10 |    33 ||    43
 Fire: Hunting sling     |     1 |    56 ||    57
Throw: Javelin           |    11 |    10 ||    21
Invok: Depart the Abyss  |     1 |       ||     1
  Use: Scroll            |     4 |     4 ||     8
       Potion            |       |     5 ||     5
Armor: Leather armour    |    13 |     1 ||    14
       Ring mail         |       |    49 ||    49
Dodge: Dodged            |    36 |    71 ||   107
       Rpst.: Falchion   |    12 |    19 ||    31
